 Dungeon Crawl Stone Soup version 0.22.1-1-ga44c0e5 (webtiles) character file.

63741 Stepladder the Spry (level 15, -9/117 HPs)
             Began as a Merfolk Gladiator on Oct 4, 2018.
             Was the Champion of Makhleb.
             Mangled by a white ugly thing (34 damage)
             ... on level 14 of the Dungeon on Oct 5, 2018.
             The game lasted 02:33:49 (24053 turns).

Stepladder the Spry (Merfolk Gladiator)            Turns: 24053, Time: 02:33:50

Health: -9/117     AC: 19    Str: 18    XL:     15   Next: 10%
Magic:  33/33      EV: 26    Int: 13    God:    Makhleb [******]
Gold:   664        SH:  0    Dex: 18    Spells: 4/24 levels left

rFire    . . .     SeeInvis .   I - +4 great sword
rCold    . . .     Gourm    .   (shield currently unavailable)
rNeg     . . .     Faith    .   P - +4 ring mail
rPois    .         Spirit   .   n - +3 hat of Pondering {ponderous, MR+ MP+10 Int+5}
rElec    .         Reflect  .   s - scarf {repulsion}
rCorr    +         Harm     .   r - +2 pair of gloves
MR       ++...                  R - +2 pair of boots {run}
Stlth    +.........             a - amulet of regeneration
HPRegen  0.69/turn              t - +3 ring of evasion
MPRegen  0.23/turn              g - ring of resist corrosion

@: repel missiles
A: change form in water, swift swim, stealthy swim
a: Minor Destruction, Lesser Servant of Makhleb, Major Destruction, Greater
Servant of Makhleb, Renounce Religion


You were on level 14 of the Dungeon.
You worshipped Makhleb.
Makhleb was exalted by your worship.
You were not hungry.

You visited 3 branches of the dungeon, and saw 21 of its levels.
You also visited: Sewer.

You collected 1570 gold pieces.
You spent 906 gold pieces at shops.

Inventory:

Hand Weapons
 b - a +0 blowgun
 k - a +2 scimitar of flaming
 I - a +4 great sword (weapon)
Missiles
 d - 7 throwing nets
 A - 78 poisoned needles
 O - 4 poisoned javelins (quivered)
 S - 8 curare-tipped needles
Armour
 n - the +3 hat of Pondering (worn) {ponderous, MR+ MP+10 Int+5}
   (You took it off Gastronok on level 8 of the Dungeon)

   It affects your intelligence (+5).
   It affects your resistance to hostile enchantments.
   It affects your magic capacity (+10).
 q - a +2 scale mail of fire resistance
 r - a +2 pair of gloves (worn)
 s - a scarf of repulsion (worn)
 y - a scarf of resistance
 B - +0 steam dragon scales
 P - a +4 ring mail (worn)
 R - a +2 pair of boots of running (worn)
Jewellery
 a - an amulet of regeneration (around neck)
 c - an uncursed ring of flight
 g - a ring of resist corrosion (right hand)
 o - an uncursed ring of see invisible
 t - a +3 ring of evasion (left hand)
 F - an uncursed ring of fire
 H - an uncursed ring of wizardry
 T - an uncursed ring of protection from cold
 Y - an uncursed ring of protection from magic
Wands
 h - a wand of iceblast (7)
 l - a wand of paralysis (8)
 m - a wand of random effects (34)
 L - a wand of clouds (17)
 M - a wand of scattershot (13)
 N - a wand of flame (129)
Scrolls
 i - 3 scrolls of fear
 p - 4 scrolls of remove curse
 v - a scroll of identify
 w - a scroll of blinking
 x - 3 scrolls of fog
 z - a scroll of amnesia
 D - 6 scrolls of teleportation
Potions
 e - 4 potions of curing
 j - a potion of might
 u - a potion of invisibility {unknown}
 C - a potion of flight
 E - 4 potions of lignification
 G - a potion of resistance
 V - 2 potions of haste
 Z - 2 potions of heal wounds
Comestibles
 f - 32 rations


   Skills:
 + Level 10.8 Fighting
 - Level 14.0 Long Blades
 - Level 2.0 Throwing
 + Level 3.3 Armour
 + Level 16.6 Dodging
 - Level 5.4 Spellcasting
 - Level 5.0 Hexes
 + Level 9.7 Summonings
 - Level 4.0 Translocations
 - Level 9.0 Invocations


You had 4 spell levels left.
You knew the following spells:

 Your Spells              Type           Power        Failure   Level  Hunger
a - Blink                 Tloc           N/A          9%          2    ##.....
b - Call Imp              Summ           ####....     1%          2    ##.....
c - Summon Guardian Gole  Hex/Summ       ###.....     4%          3    ###....
d - Recall                Summ/Tloc      N/A          5%          3    ###....
e - Summon Mana Viper     Hex/Summ       ###.....     38%         5    ######.
f - Summon Demon          Summ           ####......   16%         5    ######.

Your spell library contained the following spells:

 Spells                   Type           Power        Failure   Level  Hunger
 Summon Small Mammal      Summ           ####         1%          1    None
 Call Canine Familiar     Summ           ####....     1%          3    ###....
 Confusing Touch          Hex            ###...       4%          1    None
 Apportation              Tloc           ##....       6%          1    None
 Slow                     Hex            ###.....     6%          2    ##.....
 Animate Skeleton         Necr           N/A          30%         1    None
 Magic Dart               Conj           #...         30%         1    None
 Shock                    Conj/Air       #...         30%         1    None
 Summon Ice Beast         Ice/Summ       ###.....     38%         4    ####...
 Summon Lightning Spire   Summ/Air       ###.....     38%         4    ####...
 Swiftness                Chrm/Air       #.......     43%         2    ##.....
 Conjure Flame            Conj/Fire      #.......     67%         3    ###....
 Mephitic Cloud           Conj/Pois/Air  #.......     67%         3    ###....
 Static Discharge         Conj/Air       #.......     67%         3    ###....
 Airstrike                Air            #.........   97%         4    ####...
 Aura of Abjuration       Summ           ####......   16%         5    ######.
 Summon Forest            Summ/Tloc      ###.......   45%         5    ######.
 Shadow Creatures         Summ           N/A          65%         6    #######
 Lightning Bolt           Conj/Air       #.........   100%        5    ######.
 Ignition                 Fire           #.........   100%        8    #######
 Shatter                  Erth           #.........   100%        9    #######
 Tornado                  Air            #.........   100%        9    #######


Dungeon Overview and Level Annotations

Branches:
Dungeon (14/15)            Temple (1/1) D:4            Lair (6/6) D:9
  Swamp (0/4) Lair:4        Snake (0/4) Lair:3        Slime (0/5) Lair:5
    Orc (0/2) D:12
 Vaults: D:13-14

Altars:
Ashenzari
Cheibriados
Dithmenos
Elyvilon
Fedhas
Gozag
Hepliaklqana
Kikubaaqudgha
Makhleb
Nemelex Xobeh
Okawaru
Qazlal
Ru
Sif Muna
Trog
Uskayaw
Vehumet
Wu Jian
Xom
Yredelemnul
Zin
The Shining One
Beogh
Jiyva

Shops:
D:6 (   D:9 (:==

Annotations:
Lair:2 exclusion: oklob plant
Lair:5 1 runed door


Message History

You hit the white ugly thing.
The white ugly thing is severely wounded.
The white ugly thing misses you.
The white ugly thing bites you but does no damage.
You hit the white ugly thing.
The white ugly thing is almost dead.
The white ugly thing barely misses you.
You riposte.
You slice the white ugly thing!!
The white ugly thing is moderately wounded.
The white ugly thing closely misses you.
You barely miss the white ugly thing.
The white ugly thing is severely wounded.
The white ugly thing headbutts you but does no damage.
The white ugly thing bites you! The white ugly thing freezes you!!
* * * LOW HITPOINT WARNING * * *
The white ugly thing closely misses you.
The white ugly thing bites you.
* * * LOW HITPOINT WARNING * * *
The white ugly thing freezes you!!
You die...

.... #.. .... #..#
#..# #..# #..# #..#
#..# #..# #..#
######..####..########
...........u<.........
#......@u..........
###..#####..######
#..# #..# #..# #..#
+..#####..#########
#..uu..............
#..................
#..########..######
#..# #..#


You could see 2 ugly things.

Vanquished Creatures
  Gastronok (D:8)
  Kirke (D:13)
  Erolcha (D:10)
  Harold (D:8)
  A hydra (D:11)
  An anaconda (Lair:5)
  3 centaur warriors (D:13)
  6 death yaks
  5 skeletal warriors
  An unseen horror (D:12)
  An orc knight (D:12)
  A wolf spider (Lair:6)
  A deep elf mage (D:13)
  2 cyclopes
  6 ugly things
  2 manticores
  9 elephants (Lair:6)
  A guardian serpent (Lair:6)
  Joseph (D:8)
  6 black mambas (Lair:6)
  7 spiny frogs
  A gargoyle (D:13)
  A kobold demonologist (D:11)
  A yaktaur (D:11)
  2 komodo dragons
  A rime drake (Lair:3)
  A merfolk (shapeshifter) (D:11)
  5 trolls
  Prince Ribbit (D:7)
  3 polar bears
  2 hornets
  7 blink frogs
  14 slime creatures
  5 hippogriffs
  3 shadows
  2 redbacks (Lair:6)
  12 wyverns
  2 spriggans
  36 yaks
  A wyvern (shapeshifter) (D:13)
  A hog (D:13)
  A basilisk (Lair:3)
  11 vampire mosquitoes
  A steam dragon (D:13)
  16 water moccasins
  A floating eye (shapeshifter) (D:11)
  7 black bears
  10 porcupines
  8 orc warriors
  6 sky beasts
  2 ice beasts
  An eye of draining (D:13)
  9 ogres
  2 necrophages
  A phantom (D:5)
  30 wolves
  4 centaurs
  18 crocodiles
  2 big kobolds
  15 bullfrogs
  3 scorpions
  7 killer bees
  4 wights
  4 howler monkeys
  4 crimson imps
  3 bullfrog zombies
  5 centaur zombies
  4 hounds
  4 jellies
  6 orc priests
  4 iguanas
  6 orc wizards
  6 bullfrog skeletons
  4 centaur skeletons
  11 worker ants
  2 hound zombies
  A hound skeleton (D:4)
  25 adders
  2 river rats (Sewer)
  2 shadow imps
  An ooze (D:3)
  2 adder zombies
  7 worms
  2 dart slugs
  7 leopard geckos
  52 orcs
  7 giant cockroaches
  9 goblins
  4 hobgoblins
  13 jackals
  13 kobolds
  A quokka (D:12)
  4 ball pythons
  8 bats
  4 frilled lizards
  A leopard gecko skeleton (D:5)
  A quokka skeleton (D:5)
  9 rats
  A fungus (Lair:5)
  3 plants (Lair:6)
560 creatures vanquished.

Vanquished Creatures (collateral kills)
  A hydra (D:13)
  Erica (D:9)
  A two-headed ogre (D:11)
  Sonja (D:11)
  A hornet (Lair:6)
  10 yaks
  A redback (Lair:6)
  A hog (D:13)
  A vampire mosquito (Lair:4)
  3 water moccasins
  2 black bears
  An ice beast (D:10)
  A necrophage (D:9)
  An ogre (D:10)
  4 wolves
  A crocodile (D:9)
  An orc priest (D:12)
  An adder (D:11)
  A shadow imp (D:11)
  2 orcs (D:10)
  A plant (Lair:6)
37 creatures vanquished.

Vanquished Creatures (others)
  A deep elf mage (D:13)
  A cyclops (D:11)
  4 hogs (D:13)
  A human (D:13)
  A yak (D:11)
  2 wolves (Lair:1)
  14 fungi
  20 plants
44 creatures vanquished.

Grand Total: 641 creatures vanquished

Notes
Turn   | Place    | Note
-------+----------+-------------------------------------------
     0 | D:1      | Stepladder the Merfolk Gladiator began the quest for the
                  | Orb.
     0 | D:1      | Reached XP level 1. HP: 16/16 MP: 1/1
   198 | D:1      | Reached XP level 2. HP: 19/23 MP: 2/2
   609 | D:1      | Reached XP level 3. HP: 28/28 MP: 3/3
   968 | D:2      | Reached skill level 5 in Dodging
  1177 | D:2      | Reached XP level 4. HP: 30/34 MP: 4/4
  2152 | D:3      | Reached XP level 5. HP: 41/41 MP: 5/5
  2252 | D:3      | Found a glowing drain.
  2259 | D:3      | Reached skill level 6 in Dodging
  2387 | Sewer    | Entered a sewer
  2624 | Sewer    | Noticed a big kobold
  2655 | Sewer    | Killed a big kobold
  2655 | Sewer    | Reached XP level 6. HP: 48/48 MP: 6/6
  2723 | Sewer    | Found a white marble altar of Elyvilon.
  3124 | D:3      | Reached skill level 1 in Armour
  3201 | D:3      | Found an ancient bone altar of Kikubaaqudgha.
  3445 | D:3      | Reached skill level 7 in Dodging
  3749 | D:4      | Found a staircase to the Ecumenical Temple.
  3757 | Temple   | Entered the Ecumenical Temple
  3913 | D:4      | Found a burning altar of Makhleb.
  3918 | D:4      | Became a worshipper of Makhleb the Destroyer
  4229 | D:4      | Reached skill level 5 in Long Blades
  4229 | D:4      | Reached XP level 7. HP: 51/54 MP: 7/7
  4664 | D:4      | Found a blossoming altar of Fedhas.
  4682 | D:4      | Learned a level 2 spell: Blink
  4685 | D:4      | Learned a level 2 spell: Call Imp
  4767 | D:5      | Entered Level 5 of the Dungeon
  5002 | D:5      | Reached skill level 8 in Dodging
  5051 | D:5      | Reached skill level 1 in Invocations
  5180 | D:5      | Reached skill level 5 in Fighting
  5180 | D:5      | Reached XP level 8. HP: 62/62 MP: 8/8
  5290 | D:5      | Found a basalt altar of Yredelemnul.
  5876 | D:6      | Found Sageg's Weapon Boutique.
  5884 | D:6      | Bought a +2 long sword of draining for 201 gold pieces
  5910 | D:6      | Found an iron altar of Okawaru.
  6015 | D:6      | Reached * piety under Makhleb
  6207 | D:6      | Reached skill level 9 in Dodging
  6687 | D:6      | Noticed a shadow
  6708 | D:6      | Killed a shadow
  6708 | D:6      | Reached XP level 9. HP: 41/71 MP: 9/9
  6949 | D:6      | Found a sacrificial altar of Ru.
  7314 | D:7      | Reached skill level 1 in Summonings
  7327 | D:7      | Noticed Prince Ribbit
  7352 | D:7      | Killed Prince Ribbit
  7352 | D:7      | Reached skill level 10 in Dodging
  8053 | D:7      | Found a glowing golden altar of the Shining One.
  8492 | D:8      | Noticed Gastronok
  8544 | D:8      | Killed Gastronok
  8544 | D:8      | Reached skill level 11 in Dodging
  8544 | D:8      | Reached XP level 10. HP: 67/80 MP: 11/13
  8733 | D:8      | Noticed Joseph
  8762 | D:8      | Killed Joseph
  8762 | D:8      | Reached ** piety under Makhleb
  8762 | D:8      | Reached skill level 5 in Invocations
  9293 | D:8      | Found a shimmering altar of Xom.
  9379 | D:8      | Noticed Harold
  9419 | D:8      | Killed Harold
  9925 | D:8      | Found a sparkling altar of Nemelex Xobeh.
 10046 | D:9      | Reached skill level 5 in Summonings
 10098 | D:8      | Reached skill level 1 in Spellcasting
 10134 | D:9      | Reached XP level 11. HP: 78/89 MP: 14/14
 10174 | D:9      | Found Tepuoh's Weapon Emporium.
 10297 | D:9      | Found a staircase to the Lair.
 10483 | D:9      | Noticed Erica
 10503 | D:9      | Killed Erica
 10503 | D:9      | Reached skill level 12 in Dodging
 10863 | D:9      | Found Olues's Book Boutique.
 11181 | D:9      | Found a deep blue altar of Sif Muna.
 11186 | D:9      | Found Rioceruq's Jewellery Shop.
 11221 | D:9      | Found Noushy's Jewellery Emporium.
 11323 | D:9      | Learned a level 3 spell: Summon Guardian Golem
 11327 | D:9      | Learned a level 3 spell: Recall
 11328 | D:10     | Entered Level 10 of the Dungeon
 11436 | D:10     | Reached *** piety under Makhleb
 11436 | D:10     | Reached skill level 1 in Translocations
 11594 | D:10     | Found a bloodstained altar of Trog.
 11682 | D:10     | Identified 2 scrolls of acquirement
 11691 | D:10     | Identified a +2 pair of boots of running (You acquired it
                  | on level 10 of the Dungeon)
 11938 | D:10     | Noticed Erolcha
 11952 | D:10     | Killed Erolcha
 11952 | D:10     | Reached skill level 10 in Fighting
 12088 | D:10     | Reached skill level 10 in Long Blades
 12590 | D:11     | Noticed a white ugly thing
 12591 | D:11     | Noticed a brown ugly thing
 12644 | D:10     | Killed a brown ugly thing
 12644 | D:10     | Reached XP level 12. HP: 97/97 MP: 17/17
 12698 | D:10     | Reached **** piety under Makhleb
 13028 | D:11     | Noticed a seven-headed hydra
 13152 | D:11     | Killed a four-headed hydra
 13252 | D:11     | Reached skill level 13 in Dodging
 13607 | D:11     | Noticed Sonja
 13622 | D:11     | Killed Sonja
 13622 | D:11     | Reached skill level 1 in Hexes
 13707 | D:11     | Noticed a two-headed ogre
 13729 | D:11     | Killed a two-headed ogre
 14809 | D:9      | Bought an uncursed amulet of regeneration for 480 gold
                  | pieces
 14851 | Lair:1   | Entered Level 1 of the Lair of Beasts
 15024 | Lair:1   | Noticed a spriggan rider
 15143 | Lair:1   | Reached skill level 5 in Spellcasting
 15367 | Lair:1   | You fall through a shaft!
 15664 | Lair:2   | Reached ***** piety under Makhleb
 15778 | Lair:2   | Reached skill level 14 in Dodging
 15790 | Lair:2   | Reached XP level 13. HP: 103/103 MP: 21/21
 16772 | Lair:3   | Found a staircase to the Snake Pit.
 17030 | Lair:3   | Reached skill level 5 in Hexes
 17257 | Lair:4   | Found a blossoming altar of Fedhas.
 17546 | Lair:4   | Found a staircase to the Swamp.
 17728 | Lair:4   | Learned a level 5 spell: Summon Mana Viper
 17907 | Lair:5   | Found a labyrinth entrance.
 18051 | Lair:5   | Found a runed door.
 18052 | Lair:5   | Found a viscous altar of Jiyva.
 18052 | Lair:5   | Noticed an azure jelly
 18053 | Lair:5   | Noticed an azure jelly
 18060 | Lair:5   | Found a staircase to the Slime Pits.
 18479 | Lair:6   | Entered Level 6 of the Lair of Beasts
 18562 | Lair:6   | Reached skill level 15 in Dodging
 18784 | Lair:6   | Reached XP level 14. HP: 77/110 MP: 22/22
 18825 | Lair:6   | Learned a level 5 spell: Summon Demon
 19366 | Lair:6   | Reached ****** piety under Makhleb
 21400 | D:12     | Reached skill level 16 in Dodging
 21445 | D:12     | Found a staircase to the Orcish Mines.
 21453 | D:12     | Found a roughly hewn altar of Beogh.
 21909 | D:9      | Bought an uncursed ring of see invisible for 225 gold
                  | pieces
 23188 | D:13     | Noticed Kirke
 23218 | D:13     | Killed Kirke
 23346 | D:13     | Reached XP level 15. HP: 117/117 MP: 23/23
 24053 | D:14     | Mangled by a white ugly thing

Skill      XL: |  1  2  3  4  5  6  7  8  9 10 11 12 13 14 15 |
---------------+----------------------------------------------+-----
Dodging        | 5 6 7 8 9 11 12 14 15 16 | 16.6
Fighting       | 3 4 5 6 8 9 10 | 10.8
Long Blades    | 4 5 7 8 9 10 11 12 14 | 14.0
Armour         | 1 2 3 |  3.3
Invocations    | 1 4 5 8 9 |  9.0
Summonings     | 4 5 6 7 9 |  9.7
Spellcasting   | 1 3 5 |  5.4
Translocations | 3 4 |  4.0
Hexes          | 4 5 |  5.0
Throwing       | |  2.0

Action                   |  1- 3 |  4- 6 |  7- 9 | 10-12 | 13-15 || total
-------------------------+-------+-------+-------+-------+-------++-------
Melee: Long sword        |   109 |   247 |   340 |   151 |       ||   847
       Tailslap          |       |     1 |       |       |     3 ||     4
       Scimitar          |       |       |       |   478 |  1154 ||  1632
       Great sword       |       |       |       |     3 |    13 ||    16
 Fire: Blowgun           |       |    14 |    22 |       |       ||    36
Throw: Stone             |    18 |    45 |    30 |     3 |       ||    96
       Throwing net      |       |     2 |       |       |       ||     2
       Javelin           |       |       |       |       |     3 ||     3
 Cast: Call Imp          |       |       |       |   118 |    74 ||   192
       Summon Guardian G |       |       |       |    20 |    47 ||    67
Invok: Minor Destruction |       |       |       |    42 |    21 ||    63
       Lesser Servant of |       |       |       |     1 |     1 ||     2
       Major Destruction |       |       |       |     1 |     2 ||     3
Evoke: Wand              |       |       |       |       |     3 ||     3
  Use: Scroll            |     2 |     8 |     4 |    13 |    11 ||    38
       Potion            |       |       |     5 |     6 |       ||    11
 Stab: Distracted        |       |       |       |    11 |     8 ||    19
       Paralysed         |       |       |       |       |     6 ||     6
  Eat: Chunk             |     1 |    10 |    14 |    25 |    27 ||    77
       Ration            |       |       |       |     3 |     3 ||     6
Armor: Ring mail         |    35 |    66 |    54 |   159 |   239 ||   553
       Leather armour    |     2 |       |       |       |       ||     2
       Skin              |       |       |     3 |       |       ||     3
Dodge: Dodged            |    96 |   217 |   301 |   616 |  1102 ||  2332
       Deflected         |       |       |       |     5 |    10 ||    15
       Rpst.: Long sword |    22 |    67 |    96 |    39 |       ||   224
       Scimitar          |       |       |       |   137 |   271 ||   408
       Great sword       |       |       |       |     2 |     5 ||     7
